 Dungeon Crawl Stone Soup version 0.27.1-2-g3b301248ec (webtiles) character file.

Game seed: 3997935735091565494

6 MajorAdolf the Conjurer (level 1, -1/15 HPs)
             Began as a Naga Wanderer on Sept 25, 2021.
             Slain by a rat (2 damage)
             ... on level 1 of the Dungeon.
             The game lasted 00:00:56 (154 turns).

MajorAdolf the Conjurer (Naga Wanderer)              Turns: 154, Time: 00:00:56

Health: -1/15      AC:  1    Str: 15    XL:     1   Next: 90%
Magic:  2/2        EV:  8    Int: 13    God:
Gold:   0          SH:  3    Dex:  8    Spells: 2/2 levels left

rFire    . . .     SeeInvis +   d - +2 whip (elec)
rCold    . . .     Faith    .   c - +0 buckler
rNeg     . . .     Spirit   .   b - +0 robe
rPois    +         Reflect  .   (no helmet)
rElec    .         Harm     .   (no cloak)
rCorr    .         Rampage  .   (no gloves)
Will     .....                  (no barding)
Stlth    +.........             (no amulet)
HPRegen  0.05/turn              (no ring)
MPRegen  0.08/turn              (no ring)

@: short of breath, very slow
A: AC +0, large, see invisible, deformed body, poison resistance, slowness 2,
spit poison 1, naga tail 1
a: Spit Poison


You were on level 1 of the Dungeon.
You visited 1 branch of the dungeon, and saw 1 of its levels.

Inventory:

Hand Weapons
 a - a +0 club
 d - a +2 whip of electrocution (weapon)
Armour
 b - a +0 robe (worn)
 c - a +0 buckler (worn)


   Skills:
 - Level 1.0 Shields
 + Level 1.2 Spellcasting
 + Level 3.1 Conjurations
 - Level 2.0 Transmutations
 - Level 1.0 Air Magic
 + Level 0.5 Earth Magic
 - Level 1.3 Poison Magic
 - Level 1.0 Evocations


You had 2 spell levels left.
You didn't know any spells.
Your spell library contained the following spells:

 Spells                   Type           Power      Damage    Failure   Level
 Sandblast                Erth           4%         2d4       28%         1
 Passwall                 Tmut/Erth      3%         N/A       32%         2
 Summon Small Mammal      Summ           0%         N/A       36%         1
 Stone Arrow              Conj/Erth      10%        3d7       45%         3
 Summon Guardian Golem    Hex/Summ       0%         N/A       73%         3
 Petrify                  Tmut/Erth      4%         N/A       91%         4


Dungeon Overview and Level Annotations

Branches:
Dungeon (1/15)

Altars:


Innate Abilities, Weirdness & Mutations

Your serpentine skin is tough. (AC +0)
You have supernaturally acute eyesight. (SInv)
Armour fits poorly on your strangely shaped body.
Your system is resistant to poisons. (rPois)
You cover ground very slowly.
You can spit poison.
You have a snake-like lower body.


Message History

You block the kobold's attack.
Press: ? - help, Shift-Dir - straight line, f/p - kobold
Aim: a kobold, wielding a +0 dagger and quivering stones The splash of poison hits the kobold.
The kobold is poisoned.
The kobold is severely wounded.
The kobold hits you with a +0 short sword.
Unknown command.
You kill the kobold!
You have got your breath back.
Press: ? - help, Shift-Dir - straight line, f/p - kobold
Aim: a kobold, wielding a +0 dagger and quivering stones The splash of poison misses the kobold. x2
The splash of poison hits the hobgoblin.
The hobgoblin is poisoned.
You kill the hobgoblin!
Unknown command.
The kobold hits you with a +0 dagger.
You have got your breath back.
Press: ? - help, Shift-Dir - straight line, f/p - kobold
Aim: a kobold, wielding a +0 dagger and quivering stones The splash of poison hits the kobold!
The kobold is poisoned.
You kill the kobold!
Unknown command.
You barely miss the kobold. The kobold hits you with a +0 dagger.
* * * LOW HITPOINT WARNING * * *
You hit the kobold.
You kill the kobold!
You completely miss the rat. The rat bites you.
* * * LOW HITPOINT WARNING * * *
The rat bites you.
* * * LOW HITPOINT WARNING * * *
You closely miss the rat.
You have got your breath back.
The rat closely misses you.
Unknown command.
Press: ? - help, Shift-Dir - straight line, f - rat
Aim: a rat The splash of poison hits the rat but does no damage.
The rat is poisoned.
The rat bites you.
You die...

........#..#
........#..##
#...r...#... ...(......#
#......+ #....†.+#### #
####........
#.##########........
#..@r....).†......).
############........
#........ #........
#........ ####........
#...........
##...........
############...#........


You could see a rat (poisoned).

Vanquished Creatures
  2 hobgoblins (D:1)
  4 kobolds (D:1)
6 creatures vanquished.

Notes
Turn   | Place    | Note
-------+----------+-------------------------------------------
     0 | D:1      | MajorAdolf the Naga Wanderer began the quest for the Orb.
     0 | D:1      | MajorAdolf set off with the following items: a +0 club, a
                  | +0 robe, a +0 buckler; and the following spells available
                  | to memorise: Sandblast, Summon Small Mammal, Passwall,
                  | Stone Arrow, Summon Guardian Golem, Petrify
     0 | D:1      | Reached XP level 1. HP: 15/15 MP: 2/2
   154 | D:1      | Slain by a rat

Illustrated notes

Levels and vault maps discovered:
D:1:      lemuel_arrival_lava_pool, layout_basic,
          hellmonk_ecumenical_altar_run_dry

Action                   || total
-------------------------++-------
Melee: Whip              ||     4
 Abil: Spit Poison       ||     7
Armor: Robe              ||     1
Dodge: Dodged            ||     8
Block: Buckler           ||     2
